 Dungeon Crawl Stone Soup version 0.19.5 (webtiles) character file.

329 sprush the Shooter (level 6, -2/48 HPs)
             Began as a Centaur Arcane Marksman on May 12, 2017.
             Slain by a gnoll
             ... wielding a +0 halberd
              (11 damage)
             ... on level 4 of the Dungeon.
             The game lasted 01:13:06 (4273 turns).

sprush the Shooter (Centaur Arcane Marksman)        Turns: 4273, Time: 01:13:07

Health: -2/48      AC: 10    Str: 14    XL:     6   Next: 25%
Magic:  7/7        EV: 10    Int: 12    God:
Gold:   196        SH:  0    Dex: 10    Spells: 2 memorised, 4 levels left

rFire  . . .     SeeInvis .     a - +0 shortbow
rCold  . . .     Gourm    .     e - +0 robe
rNeg   . . .     Faith    .     (shield currently unavailable)
rPois  .         Spirit   .     F - +0 helmet
rElec  .         Reflect  .     x - +1 cloak
rCorr  .         Harm     .     A - +2 pair of gloves
MR     .....                    (no barding)
Stlth  +.........               (no amulet)
                                (no ring)
                                (no ring)

@: very slightly contaminated, hasted, very quick
A: hooves 3, deformed body, speed 2, tough skin 3
a: no special abilities


You were on level 4 of the Dungeon.
You were not hungry.

You visited 1 branch of the dungeon, and saw 4 of its levels.

You collected 196 gold pieces.

Inventory:

Hand Weapons
 a - a +0 shortbow (weapon)
 b - a +0 club
 g - a +0 whip
 j - a +1 hunting sling
 l - a +0 whip
 n - a +1 hand axe of chopping
 w - a cursed +0 hunting sling
 y - a +3 quarterstaff of chaos
 C - a +0 mace
 J - a +0 rapier
Missiles
 f - 22 sling bullets
 i - 164 stones (quivered)
 p - 8 bolts
Armour
 e - a +0 robe (worn)
 o - a +0 chain mail
 s - a +0 shield
 t - a +0 pair of boots
 v - a +0 pair of gloves
 x - a +1 cloak (worn)
 z - a +0 cloak
 A - a +2 pair of gloves (worn)
 B - a +0 ring mail
 D - a +0 buckler
 E - a +0 pair of gloves
 F - a +0 helmet (worn)
Jewellery
 I - an uncursed amulet of harm {unknown}
Scrolls
 k - 2 scrolls of immolation
 m - 2 scrolls of magic mapping
 G - a scroll of remove curse
Potions
 u - a potion of haste
Books
 c - a book of Debilitation

   Spells                             Type                      Level
   a - Corona                         Hexes                        1
   b - Slow                           Hexes                        2
   c - Gell's Gravitas                Hexes/Translocation          3
   d - Inner Flame                    Hexes/Fire                   3
   e - Cause Fear                     Hexes                        4
   f - Leda's Liquefaction            Hexes/Earth                  4
Comestibles
 h - a meat ration
 q - 4 bread rations
 r - a beef jerky
 H - 2 chunks of flesh


   Skills:
 - Level 1.7 Fighting
 + Level 0.1 Maces & Flails
 * Level 3.5 Slings
 * Level 6.2 Bows
 - Level 0.4(2.2) Throwing
 + Level 1.8 Dodging
 + Level 0.1 Stealth
 * Level 1.1 Spellcasting
 * Level 3.1 Hexes


You had 4 spell levels left.
You knew the following spells:

 Your Spells              Type           Power        Failure   Level  Hunger
a - Corona                Hex            #......      12%         1    ##.....
b - Slow                  Hex            #.......     14%         2    ###....


Dungeon Overview and Level Annotations

Branches:
Dungeon (4/15)
 Temple: D:4-7

Altars:


Innate Abilities, Weirdness & Mutations

You have hooves in place of feet.
Armour fits poorly on your strangely shaped body.
You cover ground very quickly.
You have extremely tough skin. (AC +3)


Message History

Throwing (i - inventory):
i - 167 stones (quivered)
Press: ? - help, Shift-Dir - straight line, f/p - gnoll
Aim: a gnoll (heavily wounded)
You throw a stone. The stone closely misses the gnoll.
The gnoll completely misses you.
The gnoll hits you from afar with a halberd.
* * * LOW HITPOINT WARNING * * *
Throwing (i - inventory):
i - 166 stones (quivered)
Press: ? - help, Shift-Dir - straight line, f/p - gnoll
Aim: a gnoll (heavily wounded)
You throw a stone. The stone barely misses the gnoll.
The gnoll closely misses you.
Throwing (i - inventory):
i - 165 stones (quivered)
Press: ? - help, Shift-Dir - straight line, f/p - gnoll
Aim: a gnoll (heavily wounded)
You throw a stone.
The stone hits the gnoll but does no damage.
The gnoll is heavily wounded.
The gnoll hits you from afar with a halberd!
You die...

#########
###.......#
..#.#####.#
#.#.g..##.#
#.#.##.##>#
...(gg(gg.########
..####.........g.#
.(# #####.#g###@#
#.# #.#.###.# #g#
#g#..##g# #g######
#.##.##g# #g.....#
#(##.##g# .......#
#.(gg(.g# ##(....#
####g#### #.....#
#.# ##..g..# .#.


You could see 5 gnolls.

Vanquished Creatures
  The ghost of sprush the Insei, an amateur MfTm of Hepliaklqana (D:3)
  A gnoll sergeant (D:4)
  Crazy Yiuf (D:2)
  A worker ant (D:4)
  An adder (D:2)
  6 gnolls (D:4)
  A worm (D:2)
  2 dart slugs
  A leopard gecko (D:1)
  7 bats
  4 giant cockroaches
  6 goblins
  6 hobgoblins
  9 jackals
  A quokka (D:1)
  3 ball pythons (D:1)
  5 frilled lizards
  8 kobolds
  9 rats
  A plant (D:1)
74 creatures vanquished.

Notes
Turn   | Place    | Note
-------+----------+-------------------------------------------
     0 | D:1      | sprush the Centaur Arcane Marksman began the quest for the Orb.
     0 | D:1      | Reached XP level 1. HP: 16/16 MP: 2/2
   621 | D:1      | Reached skill level 3 in Bows
   714 | D:1      | Reached XP level 2. HP: 23/23 MP: 3/3
  1620 | D:1      | Reached XP level 3. HP: 26/28 MP: 4/4
  2063 | D:2      | Reached skill level 1 in Slings
  2414 | D:2      | Reached XP level 4. HP: 35/35 MP: 5/5
  2526 | D:2      | Found a runed door.
  2530 | D:2      | Noticed Crazy Yiuf
  2593 | D:2      | Killed Crazy Yiuf
  3024 | D:3      | Noticed sprush's ghost (amateur MfTm)
  3071 | D:3      | Killed sprush's ghost
  3071 | D:3      | Reached skill level 4 in Bows
  3071 | D:3      | Reached XP level 5. HP: 41/41 MP: 6/6
  3971 | D:4      | Reached skill level 5 in Bows
  4050 | D:4      | Learned a level 2 spell: Slow
  4266 | D:4      | Reached skill level 6 in Bows
  4266 | D:4      | Reached XP level 6. HP: 16/48 MP: 7/7
  4273 | D:4      | Slain by a gnoll

Skill      XL: |  1  2  3  4  5 |
---------------+----------------+-----
Bows           | 3 4 6 |  6.2
Hexes          | 3 |  3.1
Slings         | 1 3 |  3.5
Fighting       | |  1.7
Maces & Flails | |  0.1
Throwing       | |  0.4
Dodging        | |  1.8
Stealth        | |  0.1
Spellcasting   | |  1.1

Action                   |  1- 3 |  4- 6 || total
-------------------------+-------+-------++-------
Melee: Shortbow          |   449 |       ||   449
       Kick              |   183 |       ||   183
       Club              |    17 |       ||    17
 Fire: Shortbow          |    57 |   136 ||   193
       Hunting sling     |   140 |    12 ||   152
Throw: Stone             |     2 |     4 ||     6
 Cast: Corona            |       |     2 ||     2
       Slow              |       |     1 ||     1
  Use: Potion            |     2 |     1 ||     3
       Scroll            |     1 |     6 ||     7
  Eat: Bread ration      |     1 |     1 ||     2
       Chunk             |     1 |     2 ||     3
Armor: Robe              |    65 |    28 ||    93
Dodge: Dodged            |    68 |    21 ||    89
Block: Shield            |     5 |       ||     5
